Map: Blackpink LE

Players

Reynor - Winner!

  • Race: Zerg Zerg
  • Spawn Location: 7:00

puCK (Nina)

  • Race: Protoss Protoss
  • Spawn Location: 1:00

Event: WESG 2017 Haikou

VOD

Have the link to the VOD?

Description

Time

  • Played on: March 14, 2018, 5:47 a.m.
  • Length: 11:53

All games in this series

Show
View Real Time Build Order
Export as new Build Order

Reynor Zerg - Winner!

Build Orders: Hatch First, Lurkers, Roach Hydra 

Get SALT Encoding   

  12  0:02  Drone  
  13  0:13  Overlord  
  13  0:17  Drone  
  14  0:31  Drone x2  
  16  0:47  Hatchery  
  15  0:51  Drone  
  15  0:56  Drone  
  17  0:58  Drone  
  18  1:11  Extractor  
  17  1:14  Spawning Pool  
  16  1:19  Drone  
  16  1:23  Drone  
  18  1:30  Drone  
  19  1:40  Overlord  
  19  1:55  Drone  
  19  2:01  Queen x2  
  20  2:02  Zergling x2  
  20  2:03  Zergling x2  
  26  2:13  Drone x2  
  27  2:17  Metabolic Boost  
  27  2:21  Drone  
  28  2:24  Drone  
  29  2:42  Hatchery  
  28  2:49  Queen  
  30  2:51  Drone  
  30  2:53  Drone  
  32  2:58  Overlord  
  32  3:01  Zergling x2  
  33  3:07  Zergling x2  
  33  3:10  Drone x2  
  36  3:15  Overlord  
  36  3:17  Drone x2  
  38  3:22  Drone x2  
  38  3:24  Drone  
  38  3:25  Drone  
  42  3:28  Drone  
  42  3:32  Spore Crawler  
  42  3:35  Drone  
  42  3:40  Queen  
  45  3:43  Drone  
  45  3:44  Drone  
  45  3:47  Drone  
  48  3:48  Drone  
  48  3:50  Drone  
  48  3:52  Drone  
  48  3:55  Drone  
  52  3:56  Drone  
  52  4:02  Lair  
  53  4:04  Drone  
  53  4:05  Zergling x2  
  55  4:11  Roach Warren  
  55  4:12  Extractor, Drone  
  55  4:14  Drone  
  55  4:18  Drone, Spore Crawler  
  55  4:21  Drone x2  
  55  4:23  Drone  
  58  4:26  Overlord  
  58  4:32  Overlord  
  58  4:40  Overlord  
  58  4:45  Overlord  
  58  4:48  Overlord  
  58  4:50  Drone x5  
  58  4:51  Drone  
  66  4:52  Roach  
  66  4:55  Spine Crawler, Overlord  
  66  4:58  Roach  
  66  4:59  Roach  
  68  5:02  Roach  
  68  5:03  Roach  
  68  5:05  Roach  
  74  5:08  Roach  
  74  5:11  Roach x2  
  74  5:13  Drone  
  74  5:14  Drone  
  81  5:16  Extractor  
  81  5:19  Drone  
  81  5:20  Overlord  
  82  5:23  Glial Reconstitution, Spore Crawler  
  82  5:24  Roach  
  82  5:26  Drone x3  
  86  5:31  Overlord  
  86  5:33  Drone  
  86  5:34  Drone  
  86  5:35  Roach  
  90  5:36  Evolution Chamber  
  90  5:37  Drone  
  90  5:40  Drone x3  
  97  5:50  Roach x4  
  97  5:57  Drone x3  
  101  6:03  Roach x2  
  101  6:04  Roach x3  
  107  6:09  Drone  
  105  6:13  Drone x2, Extractor  
  105  6:15  Extractor  
  105  6:16  Drone  
  105  6:18  Drone x3  
  108  6:21  Zerg Missile Weapons Level 1  
  108  6:24  Drone x2  
  108  6:25  Queen  
  107  6:28  Overlord  
  107  6:30  Extractor  
  106  6:35  Drone x2  
  106  6:37  Drone  
  109  6:45  Drone x3, Hatchery  
  109  6:46  Drone x3  
  113  6:47  Hydralisk Den  
  113  6:51  Evolution Chamber  
  113  6:53  Overlord  
  111  6:58  Roach x3  
  117  7:04  Overlord  
  117  7:09  Overlord  
  117  7:16  Hydralisk x6  
  117  7:18  Grooved Spines  
  117  7:19  Overlord  
  117  7:22  Hydralisk x2  
  129  7:29  Hydralisk x2  
  133  7:31  Overseer  
  133  7:35  Drone x5  
  142  7:42  Hydralisk  
  144  7:45  Hydralisk x3  
  144  7:46  Hydralisk  
  144  7:48  Overlord  
  144  7:49  Overlord  
  144  7:50  Overlord  
  148  7:55  Overlord  
  148  8:01  Lurker Den  
  148  8:02  Drone x5  
  148  8:03  Extractor  
  148  8:04  Extractor  
  150  8:05  Overlord  
  150  8:06  Hydralisk x2  
  150  8:09  Drone, Queen  
  150  8:12  Drone  
  158  8:23  Overlord  
  158  8:29  Zerg Ground Armor Level 1  
  158  8:30  Muscular Augments  
  158  8:33  Zerg Missile Weapons Level 2  
  158  8:36  Zergling x10  
  158  8:37  Hydralisk x2  
  167  8:41  Hydralisk  
  167  8:42  Zergling x2  
  167  8:43  Zergling x12  
  167  8:44  Hydralisk  
  167  8:45  Drone  
  179  8:51  Hydralisk x3  
  185  9:00  Hydralisk x3  
  185  9:01  Zergling x10  
  196  9:06  Hydralisk x2  
  200  9:18  Hydralisk x2  
  200  9:22  Infestation Pit  
  181  9:36  Hydralisk x4  
  181  9:37  Zergling x8  
  181  9:38  Roach x3  
  187  9:39  Lurker x2  
  187  9:43  Lurker x3  
  187  9:44  Lurker x2  
  194  9:45  Roach  
  194  9:46  Roach  
  194  9:49  Zergling x8  
  194  9:50  Spine Crawler x2  
  194  9:51  Spine Crawler  
  197  9:58  Lurker x2  
  199  10:02  Hive  
  196  10:07  Zergling x4  
  196  10:08  Zergling x4  
  196  10:09  Hydralisk x2  
  196  10:10  Hydralisk  
  197  10:14  Hatchery  
  197  10:18  Zergling x2  
  197  10:19  Zergling x6  
  199  10:27  Hydralisk  
  199  10:28  Hydralisk x4  
  191  10:29  Zergling x8  
  191  10:30  Hydralisk  
  191  10:32  Zergling x2  
  191  10:33  Hydralisk  
  191  10:35  Zergling x2  
  184  10:38  Hydralisk  
  184  10:39  Zergling x2  
  184  10:42  Hydralisk x2  
  157  10:46  Hydralisk, Zergling x2  
  162  10:52  Hydralisk x2, Zergling x2  
  167  10:57  Roach x3  
  167  10:58  Lurker  
  167  11:04  Zergling x2  
  171  11:06  Hydralisk x2  
  171  11:07  Zergling x2  
  171  11:08  Hydralisk x3  
  154  11:12  Hydralisk  
  154  11:15  Hydralisk  
  154  11:17  Hydralisk x2  
  154  11:24  Hydralisk  
  155  11:28  Lurker  
  155  11:29  Hydralisk x2, Lurker x2  
  155  11:30  Zergling x6  
  154  11:40  Drone  
Show
View Real Time Build Order
Export as new Build Order

puCK Protoss 

Build Orders: 1 Gate Expand, Oracle Opening, Archon Immortal, Zealot Archon, Archon Drop 

Get SALT Encoding   

  12  0:00  Probe  
  13  0:12  Probe  
  14  0:20  Pylon  
  14  0:24  Probe  
  15  0:39  Probe (Chrono Boost)  
  15  0:40  Gateway  
  16  0:47  Probe (Chrono Boost)  
  17  0:50  Assimilator  
  17  0:53  Probe  
  18  1:05  Probe  
  19  1:17  Probe  
  20  1:26  Nexus  
  20  1:38  Cybernetics Core  
  20  1:39  Probe  
  21  1:46  Assimilator  
  21  1:51  Probe  
  22  1:56  Pylon  
  22  2:03  Probe  
  23  2:13  Adept (Chrono Boost)  
  25  2:16  Probe  
  25  2:19  Stargate  
  26  2:27  Warp Gate  
  26  2:28  Probe (Chrono Boost)  
  27  2:34  Adept  
  29  2:38  Probe (Chrono Boost)  
  29  2:40  Probe (Chrono Boost)  
  31  2:48  Probe (Chrono Boost)  
  31  2:49  Probe (Chrono Boost)  
  33  2:53  Probe (Chrono Boost)  
  33  2:54  Probe  
  35  3:04  Probe  
  35  3:05  Oracle  
  39  3:06  Probe  
  40  3:16  Probe  
  40  3:18  Probe, Assimilator  
  42  3:21  Assimilator  
  42  3:28  Robotics Facility, Probe  
  42  3:31  Pylon  
  42  3:33  Probe  
  44  3:35  Stalker  
  46  3:49  Probe x2, Twilight Council  
  48  3:56  Gateway  
  48  4:01  Probe  
  50  4:02  Probe  
  50  4:05  Gateway  
  50  4:09  Gateway  
  50  4:13  Probe  
  51  4:17  Pylon  
  51  4:18  Warp Prism (Chrono Boost)  
  53  4:28  Charge (Chrono Boost)  
  54  4:32  Templar Archives  
  54  4:38  Gateway  
  54  4:42  Gateway  
  54  4:45  Probe x2  
  55  4:58  Probe  
  56  5:02  Probe  
  56  5:04  Pylon  
  57  5:10  Pylon  
  57  5:12  Nexus  
  57  5:17  High Templar x2  
  61  5:23  Archon, High Templar x2  
  61  5:24  Pylon  
  65  5:28  Archon  
  65  5:30  Shield Battery  
  65  5:34  Observer  
  66  5:49  Zealot x4  
  74  5:57  Zealot x2  
  74  6:02  Probe  
  74  6:03  Immortal (Chrono Boost)  
  73  6:08  Probe  
  73  6:11  Robotics Facility  
  76  6:12  Sentry  
  76  6:13  Sentry x2  
  76  6:14  Probe  
  79  6:20  Probe  
  80  6:27  Probe  
  80  6:29  Probe  
  81  6:33  Probe  
  81  6:34  Immortal (Chrono Boost)  
  81  6:39  Probe  
  87  6:41  Zealot x5  
  87  6:45  Pylon  
  97  6:50  Probe x2  
  97  6:51  Shield Battery  
  97  6:52  Pylon  
  99  6:57  Zealot  
  101  7:03  Probe, Pylon  
  101  7:04  Probe  
  101  7:08  Probe  
  104  7:13  Immortal (Chrono Boost)  
  108  7:19  Forge  
  108  7:20  Immortal (Chrono Boost)  
  112  7:25  Probe  
  113  7:32  Probe  
  113  7:33  Psionic Storm  
  115  7:37  Probe  
  115  7:38  Probe  
  115  7:40  Assimilator  
  115  7:41  Assimilator  
  116  7:50  Immortal (Chrono Boost)  
  118  7:52  Immortal (Chrono Boost)  
  118  7:54  High Templar x2  
  118  7:56  Protoss Ground Weapons Level 1 (Chrono Boost)  
  118  7:58  Pylon  
  124  8:00  Pylon  
  124  8:01  Pylon  
  124  8:04  Probe  
  125  8:16  Probe x3  
  125  8:17  High Templar x2  
  129  8:22  Immortal  
  133  8:30  Zealot  
  133  8:32  Nexus  
  133  8:33  Immortal  
  139  8:35  Photon Cannon  
  135  8:57  Zealot x6  
  135  9:02  Immortal  
  139  9:04  Pylon x2  
  139  9:06  Photon Cannon, Pylon  
  137  9:13  Immortal  
  141  9:20  Zealot x4  
  141  9:23  Gateway  
  149  9:27  Gateway  
  149  9:28  Photon Cannon  
  143  9:38  High Templar x2  
  147  9:41  Zealot x4, Immortal  
  159  9:50  Gateway  
  159  10:03  Gateway x2  
  159  10:11  Zealot x6  
  163  10:31  Immortal (Chrono Boost)  
  163  10:33  Zealot x3  
  163  10:34  Zealot x2  
  127  10:43  Zealot  
  127  10:47  Warp Prism (Chrono Boost)  
  127  10:56  Zealot x5  
  135  10:57  Probe  
  135  10:58  Assimilator  
  135  10:59  Assimilator  
  137  11:10  Observer (Chrono Boost)  
  116  11:12  Observer (Chrono Boost)  
  116  11:17  Zealot x3  
  116  11:18  Zealot x7  
  114  11:28  Observer  
  85  11:40  Zealot x6  
Tags
 
Add a new tag
Caveats
  • Supply blocks, unpowered buildings, or Contaminate may cause inaccurate times.
  • Supply counts are checked every 10 seconds.